 Dungeon Crawl Stone Soup version 0.31-a0-986-g5e6e4ef867 (webtiles) character file.

Game seed: 7770880351917311536

2545 ytrimaz the Martial Artist (level 9, 0/88 HPs)
             Began as a Demonspawn Shapeshifter on Nov 14, 2023.
             Was an Initiate of Gozag.
             Slain by a yak (12 damage)
             ... on level 6 of the Dungeon on Nov 15, 2023.
             The game lasted 00:10:25 (5449 turns).

ytrimaz the Martial Artist (DsSh)                   Turns: 5449, Time: 00:10:26

Health: 0/88       AC: 24    Str: 15    XL:     9   Next: 30%
Magic:  9/9        EV:  2    Int: 12    God:    Gozag
Gold:   446        SH:  0    Dex: 16    Spells: 8/8 levels left

rFire   . .          .
                       - Unarmed
rCold   . . .        (no shield)
rNeg    . . .        g - melded +0 leather armour
rPois   +            (helmet currently unavailable)
rElec   .            (cloak currently unavailable)
rCorr   .            (gloves currently unavailable)
SInv    .            (boots currently unavailable)
Will    .....        (no amulet)
Stlth   +            w - +5 ring of evasion
HPRegen 0.34/turn    (no ring)
MPRegen 0.11/turn

%: random rage (3%)
@: tree-form, gold aura
A: stationary, stasis, torment immunity, boosted hp, (horns 1), demonic guardian
1, (spiny 3), (sanguine armour 1), berserk 1, mutation resistance 1
a: Renounce Religion, Potion Petition, Call Merchant, Bribe Branch


You were on level 6 of the Dungeon.
You worshipped Gozag.
Gozag was aware of your devotion.
You were a tree.
You visited 2 branches of the dungeon, and saw 7 of its levels.
You also visited: Ossuary.

You collected 538 gold pieces.
You paid 92 gold pieces to Gozag.


Innate Abilities, Weirdness & Mutations

You are a tree.
Your roots penetrate the ground, keeping you stationary.
You cannot be teleported.
You are immune to unholy pain and torment.
Your maximum health is greatly increased.
Your equipment is partially melded.
((You have a pair of small horns on your head.))
A weak demonic guardian rushes to your aid.
((You are completely covered in sharp spines.))
((When seriously injured, your blood forms armour. (AC +0)))
You sometimes lose your temper in combat.
You are somewhat resistant to further mutation.


   Skills:
 - Level 1.0 Fighting
 - Level 1.7 Dodging
 + Level 8.7 Unarmed Combat
 + Level 8.0 Shapeshifting


You had 8 spell levels left.
You didn't know any spells.
Your spell library contained the following spells:

 Spells                   Type           Power      Damage    Failure   Level
 Apportation              Tloc           0%         N/A       32%         1
 Kiss of Death            Conj/Necr      0%         2d5       32%         1
 Jinxbite                 Hex            0%         N/A       45%         2
 Confusing Touch          Hex            0%         N/A       69%         3
 Dispel Undead            Necr           0%         3d6       97%         4
 Alistair's Intoxication  Tmut/Pois      0%         N/A       100%        5

Inventory:

Missiles
 n - a throwing net (quivered)
Armour
 a - a +0 pair of boots
   (You found it on level 1 of the Dungeon)
 e - a +0 pair of gloves
   (You found it on level 1 of the Dungeon)
 g - a +0 leather armour (melded)
   (You found it on level 1 of the Dungeon)
 q - a +0 cloak
   (You took it off Crazy Yiuf on level 3 of the Dungeon)
Jewellery
 t - a ring of fire
   (You took it off a goblin on level 4 of the Dungeon)
 u - a +6 ring of intelligence
   (You found it on level 4 of the Dungeon)
 v - a ring of magical power
   (You found it on level 4 of the Dungeon)
 w - a +5 ring of evasion (left branch)
   (You found it on level 5 of the Dungeon)
Talismans
 c - a beast talisman
 d - a flux talisman
Wands
 B - a wand of digging (4)
   (You found it on level 6 of the Dungeon)
Scrolls
 b - a scroll of silence {unknown}
 i - 2 scrolls of brand weapon
 j - a scroll of poison
 k - 2 scrolls of fog
 m - a scroll of blinking
 p - 5 scrolls of teleportation
 r - 2 scrolls of immolation
 s - a scroll of enchant armour {unknown}
 x - a scroll of summoning {unknown}
 y - a scroll of noise {unknown}
 z - a scroll of vulnerability {unknown}
 A - 2 scrolls of amnesia
Potions
 f - a potion of attraction
 h - a potion of cancellation {unknown}
 o - 3 potions of curing
 C - 3 potions of enlightenment
 D - a potion of magic {unknown}
 F - 2 potions of haste
 G - 2 potions of heal wounds {unknown}

Dungeon Overview and Level Annotations

Branches:
Dungeon (6/15) Zot: 26825  Temple (1/1) D:5 Zot: 5839 Ossuary (visited)

Altars:
Cheibriados
Dithmenos
Fedhas
Gozag
Kikubaaqudgha
Makhleb
Nemelex Xobeh
Okawaru
Qazlal
Ru
Sif Muna
Trog
Uskayaw
Vehumet
Xom

##.........##
#..........#
##.........##
##....(....###..
#............#
##........####
#...##..##
#####5.## ##♣##
### .#
##Y#####.###
...#..##......##
#...#.........##
##.........)...##
#.......$......#
#.....Y........##
#.#......YY.....#
#.#.......$......


You could see a yak (ally target) and a friendly iron imp (summoned).


Message History

A yak comes into view. 2 yaks come into view.
The yak bellows!
The yak bellows!
You punch the scorpion!
The scorpion stings you but does no damage.
You hit the scorpion. Your headbutt misses the scorpion.
A yak comes into view.
The scorpion barely misses you.
The yak bellows!
You punch the scorpion!
You kill the scorpion!
Unknown command.
You hit the yak. You headbutt the yak! You hit the yak but do no damage.
You headbutt the yak, but do no damage. The yak closely misses you.
The yak misses you. The yak gores you! 😕 HP[-13]
You take 13 damage, and now have 46/59 hp.
MASSIVE DAMAGE!! (PAUSE)
You closely miss the yak. 😕 HP[+1]
You closely miss the yak. You headbutt the yak, but do no damage.
You punch the yak. The yak is struck by your spines. The yak gores you!
Your blood congeals into armour.
The yak gores you!
* * * LOW HITPOINT WARNING * * *
The yak is struck by your spines. The yak misses you.
The yak is struck by your spines. The yak misses you.
The yak attacks as it pursues you! The yak gores you.
* * * LOW HITPOINT WARNING * * *
The yak attacks as it pursues you! The yak is struck by your spines.
The yak gores you but does no damage. 😨 HP[-26]
You take 26 damage, and now have 21/59 hp.
MASSIVE DAMAGE!! (PAUSE) 😨 HP[+1]
Okay, then.
Okay, then.
Blink to where?
Press: ? - help, Dir - move target
As you read the scroll of blinking, it crumbles to dust.
Your transformation has ended.
You turn into a tree.
Your +0 leather armour melds into your body.
Your roots penetrate the ground.
Your blood armour dries and flakes away. 😨 HP[+12]
You now have 88 max hp (+29).
You regained 12 hp, and now have 34/88 hp. 😨 HP[+1]
You are too injured to fight recklessly!
You are too injured to fight recklessly!
You closely miss the yak. You punch the yak, but do no damage.
The yak gores you.
* * * LOW HITPOINT WARNING * * *
😨 HP[-5]
You take 5 damage, and now have 30/88 hp.
You hit the yak. The yak gores you but does no damage.
You are too injured to fight recklessly! 😨 HP[+1] Unknown command.
You smack the yak!
The yak gores you!
* * * LOW HITPOINT WARNING * * *
😱 HP[-9]
You take 9 damage, and now have 22/88 hp.
You smack the yak!
You kill the yak!
You cannot move.
Unknown command.
You cannot move.
You cannot move.
Unknown command.
You smack the yak!
You kill the yak! 😨 HP[+1] Unknown command.
You pummel the yak!! The yak gores you.
* * * LOW HITPOINT WARNING * * *
😱 HP[-1]
You take 1 damage, and now have 22/88 hp.
You barely miss the yak. The yak gores you.
* * * LOW HITPOINT WARNING * * *
A demonic guardian appears! 😱 HP[-5]
You take 5 damage, and now have 17/88 hp.
Unknown command.
You pummel the yak!!
You kill the yak!
Your Shapeshifting skill increases to level 8! 😱 HP[+1]
You hit the yak. Your punch misses the yak. The yak gores you!
* * * LOW HITPOINT WARNING * * *
😱 HP[-7]
You take 7 damage, and now have 11/88 hp.
Unknown command.
You hit the yak. The yak gores you but does no damage.
You hit the yak but do no damage. 😱 HP[+1]
You pummel the yak!! The yak gores you!
You die...
Your body crumbles into a pile of gold.

Skill      XL: |  1  2  3  4  5  6  7  8  9 |
---------------+----------------------------+-----
Unarmed Combat | 3 4 5 6 8 |  8.7
Shapeshifting  | 3 4 5 6 7 8 |  8.0
Fighting       | |  1.0
Dodging        | |  1.7

Action                     |  1- 3 |  4- 6 |  7- 9 || total
---------------------------+-------+-------+-------++-------
  Melee: Unarmed           |   141 |    61 |   179 ||   381
         Punch             |     1 |     4 |     6 ||    11
         Headbutt          |       |     3 |    32 ||    35
         Shillelagh        |       |       |     3 ||     3
  Throw: Throwing net      |       |     1 |     1 ||     2
    Use: Potion            |     1 |     6 |     2 ||     9
         Scroll            |       |     1 |     8 ||     9
   Stab: Sleeping          |     1 |       |       ||     1
         Distracted        |       |       |     4 ||     4
 Armour: Leather armour    |    74 |    26 |    98 ||   198
         Animal skin       |     4 |       |       ||     4
         Skin              |     9 |    18 |     8 ||    35
  Dodge: Dodged            |    74 |    17 |   104 ||   195

Levels and vault maps discovered:
D:1:      roderic_chinese_lattice_arrival, layout_basic
D:2:      layout_basic, minmay_quantized
D:3:      layout_loops_ring, mainiacjoe_overflow_catwalk,
          uniq_crazy_yiuf_cottage, uniq_grinder, uniq_sigmund
D:4:      layout_loops_corners, mainiacjoe_overflow_24_doors,
          okawaru_ov_weapons_minmay, minivault_25, kennysheep_generic_room_4
D:5:      layout_basic, nicolae_uskayaw_murder_on_the_dancefloor,
          minmay_temple_entry_proselytizer
D:6:      layout_cave_pods, mainiacjoe_overflow_chevrons,
          nicolae_ossuary_entry_monument, kennysheep_generic_room_5
Temple:   nicolae_temple_two_arcs

Notes
Turn   | Place    | Note
-------+----------+-------------------------------------------
     0 | D:1      | ytrimaz the Demonspawn Shapeshifter began the quest for the
                  | Orb.
     0 | D:1      | Reached XP level 1. HP: 15/15 MP: 1/1
     0 | D:1      | magus.rc [v1.9.6]
   205 | D:1      | Reached skill level 3 in Unarmed Combat
   307 | D:1      | Gained mutation: When seriously injured, your blood forms
                  | armour. (AC +0) [demonic ancestry]
   307 | D:1      | Reached XP level 2. HP: 15/21 MP: 2/2
   312 | D:1      | Reached skill level 3 in Shapeshifting
   828 | D:2      | Reached XP level 3. HP: 11/26 MP: 3/3
  1305 | D:2      | Reached XP level 4. HP: 18/32 MP: 4/4
  1658 | D:3      | Noticed Sigmund
  1666 | D:3      | Gained mutation: You are somewhat resistant to further
                  | mutation. [potion of mutation]
  1666 | D:3      | Gained mutation: You sometimes lose your temper in combat.
                  | [potion of mutation]
  1667 | D:3      | magus.rc [v1.9.6]
  1705 | D:3      | HP: 7/32 [Sigmund/+0 scythe (9)]
  1714 | D:3      | Killed Sigmund
  1715 | D:3      | Reached skill level 4 in Unarmed Combat
  1715 | D:3      | Reached skill level 4 in Shapeshifting
  1715 | D:3      | Gained mutation: You are partially covered in sharp spines.
                  | [demonic ancestry]
  1715 | D:3      | Reached XP level 5. HP: 15/37 MP: 5/5
  2041 | D:3      | Gained mutation: You have a pair of small horns on your
                  | head. [demonic ancestry]
  2041 | D:3      | Reached XP level 6. HP: 41/43 MP: 6/6
  2051 | D:3      | Noticed Grinder
  2059 | D:3      | Paralysed by Grinder for 2 turns
  2063 | D:3      | Killed Grinder
  2064 | D:3      | Reached skill level 5 in Unarmed Combat
  2064 | D:3      | Reached skill level 5 in Shapeshifting
  2095 | D:3      | Found a bloodstained altar of Trog.
  2619 | D:3      | Gained mutation: A weak demonic guardian rushes to your
                  | aid. [demonic ancestry]
  2619 | D:3      | Reached XP level 7. HP: 42/48 MP: 7/7
  2663 | D:3      | Found the +6 shillelagh "Devastator" {shatter}
  2708 | D:3      | Found a runed translucent door.
  2713 | D:3      | Noticed Crazy Yiuf
  2717 | D:3      | Killed Crazy Yiuf
  2791 | D:4      | Found an iron altar of Okawaru.
  3192 | D:4      | HP: 9/48 [gnoll sergeant/+4 heavy trident (18)]
  3205 | D:4      | Reached skill level 6 in Unarmed Combat
  3211 | D:4      | HP: 7/48 [gnoll/+1 halberd of freezing[a gnoll sergeant]
                  | (10)]
  3558 | D:4      | Found an ancient bone altar of Kikubaaqudgha.
  3559 | D:4      | Identified the +2 spear of Ru's Castigation {holy, Str+8
                  | Int+3 Dex-5 SInv}
  3565 | D:4      | Reached skill level 6 in Shapeshifting
  3617 | D:4      | Gained mutation: You are mostly covered in sharp spines.
                  | [demonic ancestry]
  3617 | D:4      | Reached XP level 8. HP: 43/54 MP: 8/8
  3929 | D:5      | Entered Level 5 of the Dungeon
  4089 | D:5      | You pick up a book of Touch and begin reading...
  4089 | D:5      | You add the spells Kiss of Death, Confusing Touch and
                  | Dispel Undead to your library.
  4186 | D:5      | Reached skill level 7 in Unarmed Combat
  4266 | D:5      | Found a hide-covered altar of Uskayaw.
  4368 | D:5      | You pick up a book of Party Tricks and begin reading...
  4368 | D:5      | You add the spells Apportation, Jinxbite and Alistair's
                  | Intoxication to your library.
  4376 | D:5      | Found a staircase to the Ecumenical Temple.
  4393 | Temple   | Entered the Ecumenical Temple
  4541 | Temple   | Became a worshipper of Gozag Ym Sagoz the Greedy
  4977 | D:6      | Found a sacrificial altar of Ru.
  5026 | D:6      | Found a sand-covered staircase.
  5032 | D:6      | Noticed a kobold demonologist
  5046 | D:6      | Killed a kobold demonologist
  5047 | D:6      | Reached skill level 7 in Shapeshifting
  5054 | Ossuary  | Entered an ossuary
  5255 | Ossuary  | Reached skill level 8 in Unarmed Combat
  5281 | Ossuary  | Gained mutation: You are completely covered in sharp
                  | spines. [demonic ancestry]
  5281 | Ossuary  | Reached XP level 9. HP: 55/59 MP: 9/9
  5439 | D:6      | HP: 22/88 [yak (9)]
  5444 | D:6      | HP: 17/88 [yak (5)]
  5446 | D:6      | Reached skill level 8 in Shapeshifting
  5449 | D:6      | Slain by a yak

Vanquished Creatures
  A kobold demonologist (D:6)
  Grinder (D:3)
  Sigmund (D:3)
  3 yaks (D:6)
  A phantom (D:5)
  A bullfrog (D:5)
  3 scorpions
  A gnoll sergeant (D:4)
  6 water moccasin zombies (Ossuary)
  3 jellies
  3 orc priests
  5 hounds
  3 iguanas
  Crazy Yiuf (D:3)
  2 orc wizards
  2 mummies (Ossuary)
  7 gnolls
  8 adders
  7 adder zombies (Ossuary)
  3 worms
  10 orcs
  7 ball pythons
  6 endoplasms
  5 giant cockroaches
  6 goblins
  10 hobgoblins
  6 kobolds
  6 quokkas
  A bat (D:3)
  3 frilled lizards
  A gnoll zombie (Ossuary)
  7 hobgoblin zombies (Ossuary)
  3 kobold zombies (Ossuary)
  6 orc zombies (Ossuary)
  6 rats
145 creatures vanquished.

Vanquished Creatures (collateral kills)
  A gnoll (D:4)
1 creature vanquished.

Grand Total: 146 creatures vanquished

Table legend:
 A = Non-vault XP
 B = Vault XP
 C = Vault XP percentage of total XP
 D = Non-vault monster count
 E = Vault monster count
 F = Vault count percentage of total count
                 A         B        C        D         E       F
            +---------+---------+-------+---------+---------+-------
      Total |    2433 |    1204 |  33.1 |     104 |      42 |  28.8
            +---------+---------+-------+---------+---------+-------
        D:1 |      32 |       0 |   0.0 |      20 |       0 |   0.0
        D:2 |      67 |       6 |   8.2 |      12 |       5 |  29.4
        D:3 |     114 |     557 |  83.0 |      21 |       3 |  12.5
        D:4 |     655 |      39 |   5.6 |      32 |       1 |   3.0
        D:5 |     491 |      43 |   8.1 |      14 |       1 |   6.7
        D:6 |    1074 |       0 |   0.0 |       5 |       0 |   0.0
    Ossuary |       0 |     559 | 100.0 |       0 |      32 | 100.0
            +---------+---------+-------+---------+---------+-------

Skill      XL: |  1  2  3  4  5  6  7  8  9 |
---------------+----------------------------+-----
Unarmed Combat | 3 4 5 6 8 |  8.7
Shapeshifting  | 3 4 5 6 7 8 |  8.0
Fighting       | |  1.0
Dodging        | |  1.7

Action                     |  1- 3 |  4- 6 |  7- 9 || total
---------------------------+-------+-------+-------++-------
  Melee: Unarmed           |   141 |    61 |   179 ||   381
         Punch             |     1 |     4 |     6 ||    11
         Headbutt          |       |     3 |    32 ||    35
         Shillelagh        |       |       |     3 ||     3
  Throw: Throwing net      |       |     1 |     1 ||     2
    Use: Potion            |     1 |     6 |     2 ||     9
         Scroll            |       |     1 |     8 ||     9
   Stab: Sleeping          |     1 |       |       ||     1
         Distracted        |       |       |     4 ||     4
 Armour: Leather armour    |    74 |    26 |    98 ||   198
         Animal skin       |     4 |       |       ||     4
         Skin              |     9 |    18 |     8 ||    35
  Dodge: Dodged            |    74 |    17 |   104 ||   195

Illustrated notes

Table legend:
 A = Kills in this place as a percentage of kills in the entire game.
 B = Kills by you in this place as a percentage of kills by you in the entire game.
 C = Kills by friends in this place as a percentage of kills by friends in the entire game.
 D = Other kills in this place as a percentage of other kills in the entire game.
 E = Experience gained in this place as a percentage of experience gained in the entire game.
 F = Experience gained in this place divided by the number of levels of this place that you have seen.
                   A       B       C       D       E      F
               +-------+-------+-------+-------+-------+----------------------
         Total | 100.0 | 100.0 | 100.0 |   N/A | 100.0 | 454.6
       Dungeon |  78.1 |  77.9 | 100.0 |   N/A |  84.6 | 513.0
       Ossuary |  21.9 |  22.1 |   0.0 |   N/A |  15.4 | 559.0
               +-------+-------+-------+-------+-------+----------------------

Table legend: (Time is in decaauts)
 A = Elapsed time spent in this place.
 B = Non-inter-level travel time spent in this place.
 C = Inter-level travel time spent in this place.
 D = Time resting spent in this place.
 E = Time spent auto-exploring this place.
 F = Levels seen in this place.
 G = Mean time per level.
                   A        B        C        D        E       F      G
               +--------+--------+--------+--------+--------+-----+--------+
         Total |   5417 |   5266 |    151 |     83 |   4096 |   8 |  677.1 |
       Dungeon |   4925 |   4774 |    151 |     83 |   3788 |   6 |  820.8 |
        Temple |    160 |    160 |      0 |      0 |     90 |   1 |  160.0 |
       Ossuary |    331 |    331 |      0 |      0 |    218 |   1 |  331.0 |
               +--------+--------+--------+--------+--------+-----+--------+

Top non-repeatable levels by time:
     D:4: 1156 daAuts
     D:3: 1136 daAuts
     D:2: 940 daAuts
     D:5: 840 daAuts
     D:1: 677 daAuts
 Ossuary: 331 daAuts
     D:6: 173 daAuts
  Temple: 160 daAuts
